 Dungeon Crawl Stone Soup version 0.26.1-11-gd32895ea62 (webtiles) character file.

Game seed: 13542936152888855512

65121 promet the Warrior (level 15, -1/176 HPs)
             Began as an Ogre Berserker on June 22, 2021.
             Was a High Priest of Trog.
             Slain by an angel
             ... wielding a +1 whip of holy wrath
              (2 damage)
             ... on level 1 of the Abyss on June 23, 2021.
             The game lasted 03:28:05 (35310 turns).

promet the Warrior (Ogre Berserker)                Turns: 35310, Time: 03:28:07

Health: -1/176     AC: 13    Str: 26    XL:     15   Next: 15%
Magic:  13/13      EV: 16    Int: 10    God:    Trog [*****.]
Gold:   950        SH:  5    Dex: 10    Spells: 14/14 levels left

rFire    + . .     SeeInvis .   D - +2 broad axe (flame)
rCold    + . .     Faith    .   (no shield)
rNeg     . . .     Spirit   .   G - +3 swamp dragon scales
rPois    +         Reflect  +   (helmet restricted)
rElec    .         Harm     .   R - scarf {rC+ rF+}
rCorr    .         Rampage  .   (gloves unavailable)
Will     ++++.                  (boots unavailable)
Stlth    +.........             K - amulet of reflection
HPRegen  1.39/turn              J - +4 ring of evasion
MPRegen  0.13/turn              P - ring of willpower

@: regenerating (expiring), glowing
A: large, unfitting armour, low mp 1, poison resistance, tough skin 1
a: Renounce Religion, Berserk, Trog's Hand, Brothers in Arms


You were on level 1 of the Abyss.
You worshipped Trog.
Trog was extremely pleased with you.
You visited 3 branches of the dungeon, and saw 19 of its levels.
You visited the Abyss 1 time.

You collected 1238 gold pieces.
You spent 288 gold pieces at shops.

Inventory:

Hand Weapons
 a - the +11 mace of the Beginning {speed, *Noise rElec rPois Dex+4}
   (You found it on level 12 of the Dungeon)

   Attacks with this weapon are significantly faster.
   It affects your dexterity (+4).
   It insulates you from electricity.
   It protects you from poison.
   It may make noises in combat.
 b - the +10 arbalest of the Onslaught {freeze, Str+6}
   (You found it on level 5 of the Dungeon)

   It causes projectiles fired from it to freeze those they strike, causing
   extra injury to most foes and up to half again as much damage against
   particularly susceptible opponents.
   They can also slow down cold-blooded creatures.
   It affects your strength (+6).
 h - the +9 scimitar of the Reaper {elec, Str+2 Int-2 Stlth+}
   (You found it on level 6 of the Lair of Beasts)

   Occasionally, upon striking a foe, it can discharge electrical energy and
   cause terrible harm.
   It affects your strength (+2).
   It affects your intelligence (-2).
   It makes you more stealthy.
 l - a +2 demon trident
 v - a +0 hunting sling
 D - a +2 broad axe of flaming (weapon)
 F - a +4 glaive
 U - a +3 vorpal flail {Flail of Trog}
 Y - a +0 lajatang
Missiles
 c - 206 bolts
 e - 10 atropa-tipped darts
 i - 499 stones
 n - 116 sling bullets
 p - 5 throwing nets
 q - 28 poisoned darts
 r - 10 javelins (quivered)
 u - 20 boomerangs
 I - 2 curare-tipped darts
Armour
 f - a +1 animal skin
 x - a +1 cloak
 A - a +0 cloak
 G - +3 swamp dragon scales (worn)
 R - a scarf of resistance (worn)
Jewellery
 y - an uncursed amulet of the acrobat
 z - an uncursed ring of flight
 J - a +4 ring of evasion (left hand)
 K - an amulet of reflection (around neck)
 P - a ring of willpower (right hand)
 Z - a +4 ring of evasion
Wands
 d - a wand of acid (12)
 o - a wand of enslavement (1)
 s - a wand of polymorph (46)
 M - a wand of iceblast (2)
 N - a wand of paralysis (6)
 O - a wand of flame (17)
 S - a wand of disintegration (13)
Scrolls
 j - 8 scrolls of remove curse
 k - 3 scrolls of magic mapping
 B - 5 scrolls of teleportation
 E - 5 scrolls of fog
 Q - 2 scrolls of fear
 W - a scroll of holy word
Potions
 g - a potion of resistance
 m - 3 potions of brilliance
 t - a potion of ambrosia
 w - 8 potions of curing
 C - 3 potions of might
 H - a potion of invisibility
 V - 3 potions of haste
 X - 2 potions of flight
Miscellaneous
 L - a box of beasts


   Skills:
 * Level 18.1 Fighting
 * Level 3.6 Long Blades
 + Level 2.5(9.1) Axes
 + Level 12.0(12.1) Maces & Flails
 + Level 2.3(3.2) Polearms
 + Level 1.7(8.9) Staves
 + Level 1.0(1.9) Slings
 + Level 7.9 Crossbows
 + Level 3.3(3.5) Throwing
 + Level 7.1 Armour
 + Level 7.8 Dodging
 + Level 3.3 Stealth
 + Level 3.9 Shields
 + Level 0.3 Evocations


You had 14 spell levels left.
You didn't know any spells.
Your spell library was empty.

Dungeon Overview and Level Annotations

Branches:
Dungeon (12/15)            Temple (0/1) D:5            Lair (6/6) D:10
  Swamp (0/4) Lair:2       Spider (0/4) Lair:4        Slime (0/5) Lair:6
    Orc (1/2) D:12

Altars:
Ashenzari
Dithmenos
Fedhas
Gozag
Hepliaklqana
Nemelex Xobeh
Okawaru
Qazlal
Trog
Uskayaw
Yredelemnul
The Shining One
Beogh
Jiyva

Shops:
D:5 (

Annotations:
D:6 2 transporters
Lair:2 3 runed translucent doors, exclusion: oklob plant, Kotami's ghost, journeyman OpFi
Lair:6 exclusion: oklob plant
Orc:1 Sonja


Innate Abilities, Weirdness & Mutations

You are too large for most types of armour.
You have tough skin. (AC +1)
Your magical capacity is low. (-10% MP)
Your system is resistant to poisons. (rPois)


Message History

You hit the bone dragon but do no damage.
You block the angel's attack. The angel hits you but does no damage.
The bone dragon bites you!!
* * * LOW HITPOINT WARNING * * *
You block the bone dragon's attack. x2
The angel hits you with a +1 whip of holy wrath!!
* * * LOW HITPOINT WARNING * * *
The angel hits you with a +1 whip of holy wrath.
* * * LOW HITPOINT WARNING * * *
You feel much better. The bone dragon bites you!
* * * LOW HITPOINT WARNING * * *
The bone dragon completely misses you. You block the bone dragon's attack.
The angel closely misses you. x2
You hit the angel but do no damage.
The angel is heavily wounded.
You slash the bone dragon! You burn the bone dragon.
The angel hits you with a +1 whip of holy wrath!
* * * LOW HITPOINT WARNING * * *
The angel hits you with a +1 whip of holy wrath.
You die...

. .. #.
#...# .
#. ...
## # .
. .
.######
....
.#.#..
..# ##
#§
##.##(#
# . .
#.#(...
# .
#§((##
## #
#AD(#.#
.# #@##
### .#
.. # .
.


You could see a bone dragon and an angel.

Vanquished Creatures
  4 dire elephants (Lair:6)
  Josephine (D:11)
  Fannar (Lair:1)
  Harold (D:8)
  8 hydras
  A boulder beetle (Lair:6)
  3 two-headed ogres
  A centaur warrior (D:11)
  An anaconda (Lair:6)
  5 death yaks
  Urug (Lair:1)
  Nergalle (D:12)
  An unseen horror (D:10)
  2 orc knights
  3 bog bodies (Lair:2)
  Pikel (D:5)
  2 oklob plants (Lair:5)
  22 elephants
  Maurice (D:12)
  4 ugly things
  3 black mambas
  Joseph (D:7)
  2 torpor snails (Lair:6)
  2 gargoyles
  6 cane toads
  5 yaktaurs (D:12)
  Maggie (D:8)
  2 rime drakes
  5 komodo dragons
  A troll (D:10)
  A hellwing (Abyss:1)
  A hornet (D:7)
  4 polar bears
  5 slime creatures
  26 blink frogs
  6 starcursed masses (Abyss:1)
  Eustachio (D:5)
  2 basilisks
  5 wraiths (D:11)
  44 yaks
  Grum (Lair:1)
  A warg (Orc:1)
  A swamp worm (Lair:2)
  12 water moccasins
  Duvessa (D:5)
  10 orc warriors
  4 sky beasts
  An ice beast (D:9)
  A phantom (D:11)
  An eye of draining (shapeshifter) (D:12)
  A black bear (D:9)
  19 wolves
  4 ogres
  6 centaurs
  4 big kobolds
  14 bullfrogs
  A gnoll sergeant (D:9)
  Dowan (D:5)
  3 scorpions
  4 wights (D:6)
  6 howler monkeys
  An electric eel (Lair:2)
  A crimson imp (D:8)
  4 jellies
  2 centaur zombies
  3 bullfrog zombies
  A quasit (D:8)
  7 orc priests
  6 hounds
  A bullfrog skeleton (D:5)
  2 centaur skeletons
  11 orc wizards
  A gnoll shaman (D:7)
  7 iguanas
  10 worker ants
  Ijyb (D:3)
  Terence (D:2)
  A hound zombie (D:11)
  A human simulacrum (D:10)
  A hound skeleton (D:3)
  2 worker ant zombies (D:6)
  15 gnolls
  2 howler monkey skeletons (D:5)
  14 adders
  5 shadow imps
  4 white imps
  3 ufetubi
  An adder skeleton (D:5)
  An adder zombie (D:5)
  2 worms (D:5)
  9 leopard geckos
  56 orcs
  A ball python (D:1)
  4 giant cockroaches
  9 goblins
  9 hobgoblins
  12 jackals
  4 quokkas
  8 bats
  8 frilled lizards
  A giant cockroach zombie (D:5)
  26 kobolds
  A leopard gecko zombie (D:7)
  A quokka skeleton (D:6)
  12 rats
555 creatures vanquished.

Vanquished Creatures (others)
  A two-headed ogre (D:12)
  A human simulacrum (D:10)
  41 fungi
  103 plants
146 creatures vanquished.

Grand Total: 701 creatures vanquished

Notes
Turn   | Place    | Note
-------+----------+-------------------------------------------
     0 | D:1      | promet the Ogre Berserker began the quest for the Orb.
     0 | D:1      | Reached XP level 1. HP: 24/24 MP: 1/1
   351 | D:1      | Reached XP level 2. HP: 24/33 MP: 2/2
   761 | D:1      | Reached ** piety under Trog
   853 | D:1      | Reached XP level 3. HP: 39/41 MP: 3/3
  1215 | D:2      | Found a shadowy altar of Dithmenos.
  1397 | D:2      | Found a basalt altar of Yredelemnul.
  1400 | D:2      | Found a sparkling altar of Nemelex Xobeh.
  1403 | D:2      | Found a broken altar of Ashenzari.
  1403 | D:2      | Found a glowing golden altar of the Shining One.
  1403 | D:2      | Found a shadowy altar of Dithmenos.
  1405 | D:2      | Found an opulent altar of Gozag.
  1405 | D:2      | Found a bloodstained altar of Trog.
  1408 | D:2      | Found a stormy altar of Qazlal.
  1413 | D:2      | Noticed a scorpion
  1427 | D:2      | Killed a scorpion
  1428 | D:2      | Reached skill level 5 in Fighting
  1428 | D:2      | Reached XP level 4. HP: 23/50 MP: 4/4
  2042 | D:2      | Found a blossoming altar of Fedhas.
  2121 | D:2      | Noticed Terence
  2127 | D:2      | Killed Terence
  2128 | D:2      | Reached XP level 5. HP: 57/57 MP: 5/5
  2769 | D:3      | Noticed Ijyb
  2773 | D:3      | Killed Ijyb
  3100 | D:3      | Found a hazy altar of Hepliaklqana.
  3534 | D:3      | Reached XP level 6. HP: 53/67 MP: 6/6
  3994 | D:4      | Reached skill level 6 in Fighting
  4856 | D:4      | Identified Suqirerph's Compendium of Vitriolic
                  | Confrontation
  4898 | D:4      | Reached XP level 7. HP: 69/76 MP: 7/7
  5227 | D:4      | Reached skill level 1 in Throwing
  5380 | D:4      | Reached skill level 1 in Stealth
  5778 | D:5      | Entered Level 5 of the Dungeon
  5922 | D:5      | Noticed Duvessa
  5922 | D:5      | Noticed Dowan
  5939 | D:5      | Killed Duvessa
  5939 | D:5      | Reached *** piety under Trog
  5940 | D:5      | Reached skill level 5 in Maces & Flails
  6281 | D:5      | Reached skill level 7 in Fighting
  6296 | D:5      | Found a staircase to the Ecumenical Temple.
  6318 | D:5      | Got a scorched arbalest
  6496 | D:5      | Identified the +10 arbalest of the Onslaught {freeze,
                  | Str+6} (You found it on level 5 of the Dungeon)
  6512 | D:5      | Killed Dowan
  6565 | D:5      | Reached XP level 8. HP: 38/87 MP: 8/8
  6974 | D:5      | Noticed Pikel
  6985 | D:5      | Killed Pikel
  6986 | D:5      | Reached skill level 8 in Fighting
  6986 | D:5      | Reached skill level 1 in Slings
  6986 | D:5      | Reached skill level 1 in Crossbows
  6986 | D:5      | Reached skill level 5 in Dodging
  7461 | D:5      | Found Nof Nic's Hydra Hut.
  7466 | D:5      | Noticed a seven-headed hydra
  7508 | D:5      | Noticed Eustachio
  7612 | D:5      | Reached skill level 9 in Fighting
  7699 | D:5      | Killed Eustachio
  7700 | D:5      | Reached XP level 9. HP: 95/98 MP: 9/9
  8387 | D:6      | Found a transporter.
  8815 | D:6      | Found a transporter.
  9198 | D:7      | Reached skill level 10 in Fighting
  9228 | D:7      | Reached **** piety under Trog
  9741 | D:7      | Reached XP level 10. HP: 111/111 MP: 10/10
  9891 | D:7      | Noticed Joseph
  9912 | D:7      | Killed Joseph
  9913 | D:7      | Reached skill level 11 in Fighting
 10173 | D:7      | Paralysed by a hornet for 3 turns
 11388 | D:8      | Noticed Harold
 11400 | D:8      | Killed Harold
 11659 | D:8      | Found a hide-covered altar of Uskayaw.
 11733 | D:8      | Noticed Maggie
 11741 | D:8      | Killed Maggie
 12661 | D:9      | Gained mutation: Your magical capacity is low. (-10% MP)
                  | [potion of mutation]
 12661 | D:9      | Gained mutation: Your system is resistant to poisons.
                  | (rPois) [potion of mutation]
 12727 | D:9      | Reached skill level 12 in Fighting
 12823 | D:9      | Noticed a two-headed ogre
 12836 | D:9      | Killed a two-headed ogre
 12837 | D:9      | Reached skill level 5 in Crossbows
 13086 | D:9      | Reached XP level 11. HP: 124/124 MP: 9/9
 13124 | D:9      | Found an iron altar of Okawaru.
 13150 | D:9      | Reached skill level 1 in Armour
 13560 | D:10     | Entered Level 10 of the Dungeon
 13998 | D:10     | Killed an unseen horror
 14453 | D:10     | Found a staircase to the Lair.
 14729 | Lair:1   | Entered Level 1 of the Lair of Beasts
 14814 | Lair:1   | Reached skill level 13 in Fighting
 14938 | Lair:1   | Noticed Grum
 15067 | Lair:1   | Killed Grum
 15255 | Lair:1   | Noticed Fannar
 15284 | Lair:1   | Killed Fannar
 15441 | Lair:1   | Noticed Urug
 15444 | Lair:1   | Killed Urug
 15445 | Lair:1   | Reached skill level 1 in Shields
 15777 | Lair:1   | Noticed a six-headed hydra
 15780 | Lair:1   | Killed a six-headed hydra
 16026 | Lair:2   | Found a runed translucent gate.
 16026 | Lair:2   | Found a runed translucent gate.
 16026 | Lair:2   | Noticed a spectral death yak
 16027 | Lair:2   | Found a runed translucent gate.
 16521 | Lair:2   | Reached XP level 12. HP: 137/137 MP: 10/10
 16799 | Lair:2   | Noticed Kotami's ghost (journeyman OpFi)
 16845 | Lair:2   | Found an iron altar of Okawaru.
 17105 | Lair:2   | Found a staircase to the Swamp.
 17397 | Lair:2   | Reached skill level 14 in Fighting
 18958 | Lair:2   | Reached skill level 10 in Maces & Flails
 19203 | Lair:3   | Noticed a seven-headed hydra
 19210 | Lair:3   | Killed a seven-headed hydra
 20235 | Lair:4   | Reached skill level 15 in Fighting
 20365 | Lair:4   | Found a hole to the Spider Nest.
 20395 | Lair:4   | Noticed a five-headed hydra
 20401 | Lair:4   | Reached skill level 5 in Armour
 20429 | Lair:3   | Killed a five-headed hydra
 20678 | Lair:4   | Reached XP level 13. HP: 149/149 MP: 11/11
 21393 | Lair:4   | You fall into a shaft and drop 2 floors!
 21393 | Lair:6   | Entered Level 6 of the Lair of Beasts
 21885 | Lair:5   | Reached skill level 1 in Polearms
 24042 | Lair:5   | Reached skill level 16 in Fighting
 26071 | Lair:6   | Reached XP level 14. HP: 129/163 MP: 12/12
 27142 | Lair:6   | Reached skill level 1 in Staves
 27163 | Lair:6   | Reached skill level 17 in Fighting
 27769 | Lair:6   | Found a viscous altar of Jiyva.
 27769 | Lair:6   | Found a staircase to the Slime Pits.
 28925 | Lair:6   | Identified the +2 robe of Impressiveness {Rampage rF+}
 28996 | Lair:6   | Noticed a dire elephant
 29236 | Lair:6   | Killed a dire elephant
 29637 | Lair:6   | Noticed a dire elephant
 29637 | Lair:6   | Noticed a dire elephant
 29820 | Lair:6   | Killed a dire elephant
 29923 | Lair:6   | Noticed a dire elephant
 29958 | Lair:6   | Killed a dire elephant
 30068 | Lair:6   | Identified the +9 scimitar of the Reaper {elec, Str+2 Int-2
                  | Stlth+} (You found it on level 6 of the Lair of Beasts)
 30160 | Lair:6   | Killed a dire elephant
 30461 | D:5      | Bought a +2 broad axe of flaming for 288 gold pieces
 30721 | D:11     | Reached skill level 1 in Axes
 32107 | D:11     | Reached skill level 1 in Long Blades
 32362 | D:12     | Noticed Nergalle
 32428 | D:11     | Noticed Josephine
 32434 | D:11     | Killed Josephine
 32562 | D:12     | Killed Nergalle
 32562 | D:12     | Reached ***** piety under Trog
 33045 | D:12     | Found the +2 hood of the Assassin {Detection Stab+ Stlth++}
 33048 | D:12     | Identified the +11 mace of the Beginning {speed, *Noise
                  | rElec rPois Dex+4} (You found it on level 12 of the
                  | Dungeon)
 33067 | D:12     | Noticed Maurice
 33262 | D:12     | Killed Maurice
 33651 | D:11     | Reached XP level 15. HP: 97/176 MP: 13/13
 34437 | D:12     | Reached skill level 18 in Fighting
 34461 | D:12     | Received a gift from Trog
 34470 | D:12     | Found a roughly hewn altar of Beogh.
 34474 | D:12     | Found a staircase to the Orcish Mines.
 34786 | Orc:1    | Entered Level 1 of the Orcish Mines
 34844 | Orc:1    | Found a roughly hewn altar of Beogh.
 34972 | Orc:1    | Noticed Sonja
 35005 | Orc:1    | Cast into level 1 of the Abyss (Sonja)
 35281 | Abyss:1  | Noticed an angel
 35291 | Abyss:1  | Noticed a bone dragon
 35308 | Abyss:1  | HP: 5/176 [angel/+1 whip of holy wrath (19)]
 35310 | Abyss:1  | HP: 1/176 [angel/+1 whip of holy wrath (13)]
 35310 | Abyss:1  | Slain by an angel

Illustrated notes

Levels and vault maps discovered:
D:1:      dpeg_arrival_oval, layout_loops_ring, serial_bayou_pond_b
D:2:      layout_loops_cross, old_standard_altar, grunt_temple_overflow_open,
          grunt_dithmenos_smoke, uniq_terence
D:3:      minmay_angry_zag, layout_basic, marbit_many_paths, uniq_ijyb
D:4:      layout_loops_cross
D:5:      layout_cave_pools, minmay_temple_entry_stoned_glass,
          doesnt_shop_hydraphobe, uniq_eustachio, uniq_duvessa, uniq_pikel
D:6:      gammafunk_steamed_eel, layout_loops_cross, serial_bayou_pond_d
D:7:      layout_basic, chequers_serial_rivers_large_a, grunt_tough_drop,
          uniq_joseph
D:8:      layout_loops_corners, nicolae_overflow_crystal_walls,
          minmay_fire_ice_demons, uniq_maggie, uniq_harold
D:9:      layout_roguey, kennysheep_okawaru_gauntlet
D:10:     layout_basic, david_lair_shrubbed, bh_circular_ruins
D:11:     minmay_bloctagon, layout_basic, kennysheep_generic_room_14,
          uniq_josephine
D:12:     layout_rooms, david_orc_5, minivault_12, uniq_maurice, uniq_nergalle
Lair:1:   layout_loops_ring, uniq_fannar, uniq_grum, uniq_urug
Lair:2:   layout_cellular_growth, nicolae_swamp_entry_splash_gauntlet,
          gammafunk_ghost_necromancy, gauntlet_entry_generic, lemuel_oklob_altar
Lair:3:   layout_misc_corridors
Lair:4:   layout_regular_city, spider_nest_entry_a, serial_bayou_pond_a
Lair:5:   beast_lair_carwin_large_1, layout_gridlike, dpeg_oklob_1,
          grunt_megastairs_4
Lair:6:   due_jungle_book, layout_regular_city, dpeg_slime_entry_enclosed_altar,
          minmay_shattered_shrine
Orc:1:    nicolae_orc_accident_3, layout_diamond_mine, basic_altar, uniq_sonja
Abyss:1:  base:
D:7

Skill      XL: |  1  2  3  4  5  6  7  8  9 10 11 12 13 14 15 |
---------------+----------------------------------------------+-----
Dodging        | 3 4 5 6 7 |  7.8
Maces & Flails | 3 4 5 6 7 8 9 10 11 12 | 12.0
Fighting       | 5 6 7 9 10 12 13 15 16 17 18 | 18.1
Throwing       | 1 2 3 |  3.3
Stealth        | 1 2 3 |  3.3
Slings         | 1 |  1.0
Crossbows      | 2 3 5 6 7 |  7.9
Armour         | 3 5 6 7 |  7.1
Shields        | 1 2 3 |  3.9
Polearms       | 1 2 |  2.3
Staves         | 1 |  1.7
Axes           | 1 2 |  2.5
Long Blades    | 3 |  3.6
Evocations     | |  0.3

Action                   |  1- 3 |  4- 6 |  7- 9 | 10-12 | 13-15 || total
-------------------------+-------+-------+-------+-------+-------++-------
Melee: Mace              |   102 |   193 |   187 |       |   120 ||   602
       Flail             |       |       |    46 |    50 |       ||    96
       Dire flail        |       |       |       |   153 |       ||   153
       Great mace        |       |       |       |   151 |   292 ||   443
       Demon trident     |       |       |       |       |     4 ||     4
       Arbalest          |       |       |       |       |   331 ||   331
       Scimitar          |       |       |       |       |    70 ||    70
       Broad axe         |       |       |       |       |    74 ||    74
       Glaive            |       |       |       |       |    33 ||    33
       Lajatang          |       |       |       |       |    25 ||    25
       Great sword       |       |       |       |       |     4 ||     4
 Fire: Arbalest          |       |       |    72 |   181 |   233 ||   486
       Hunting sling     |       |       |     5 |       |       ||     5
Throw: Stone             |       |     5 |       |       |       ||     5
       Javelin           |       |    17 |     1 |    19 |     9 ||    46
       Dart              |       |     1 |       |     2 |     8 ||    11
Invok: Berserk           |     1 |     2 |     5 |     5 |     1 ||    14
       Trog's Hand       |       |     5 |     4 |     6 |     7 ||    22
       Brothers in Arms  |       |       |       |       |     1 ||     1
Evoke: Wand              |     4 |     3 |       |       |     6 ||    13
  Use: Scroll            |     2 |     7 |     5 |    16 |    17 ||    47
       Potion            |     2 |     3 |       |     3 |     3 ||    11
Armor: Animal skin       |    32 |    67 |    45 |    23 |       ||   167
       Swamp dragon scal |       |       |       |   127 |   218 ||   345
Dodge: Dodged            |    50 |   142 |   119 |   228 |   497 ||  1036
Block: Other             |       |       |       |    72 |   122 ||   194
       Reflection        |       |       |       |       |     3 ||     3
       Rpst.: Scimitar   |       |       |       |       |    12 ||    12
       Great sword       |       |       |       |       |     1 ||     1
